cohdb
Replays
Latest Replays
All Replays
Popular Replays
Top Player Replays
Match Explorer
How It Works
Community
CoH3 Stats
Reddit
Sign in to upload your games and track your stats! →
Sign in with Steam
Match 47035520
Unlisted
Match 47035520
Overview
Messages
Build Orders
End
Kradschützen Motorcycle Team
Panzergrenadier Squad
Panzergrenadier Squad
Panzergrenadier Squad
Selects Italian Combined Arms Battlegroup
Construct Light Support Kompanie
Fire Support Elements
Veteran Squad Leaders
Panzerjäger Mechanized Group
Selects Semovente da 75/18 Assault Gun
Semovente da 75/18 Assault Gun
Selects Strafing Run
Gear-IV-G
MonikaのPants
mex
Cettel
0
0
Comments
sign in to comment!
No comments posted yet!